 Dungeon Crawl Stone Soup version 0.27-a0-223-ge082b6e869 (webtiles) character file.

Game seed: 1041138712845243683

109 iamserjio the Ruffian (level 4, 0/41 HPs)
             Began as a Troll Hedge Wizard on Feb 1, 2021.
             Succumbed to a worker ant's poison
             ... on level 4 of the Dungeon.
             The game lasted 00:03:52 (576 turns).

iamserjio the Ruffian (Troll Hedge Wizard)           Turns: 576, Time: 00:03:53

Health: 0/41       AC:  6    Str: 18    XL:     4   Next: 60%
Magic:  6/6        EV:  5    Int: 13    God:
Gold:   38         SH: 12    Dex:  9    Spells: 6/7 levels left

rFire    + . .     SeeInvis .     - Unarmed
rCold    . . .     Faith    .   f - +0 tower shield {rF+}
rNeg     . . .     Spirit   .   b - +0 robe
rPois    .         Reflect  .   c - +0 hat
rElec    .         Harm     .   (no cloak)
rCorr    .         Rampage  .   (gloves unavailable)
Will     .....                  (boots unavailable)
Stlth    +.........             (no amulet)
HPRegen  0.53/turn              (no ring)
MPRegen  0.10/turn              (no ring)

@: brilliant, lethally poisoned (0 -> -3), berserk cooldown
A: large, unfitting armour, claws 3, blurry vision 1, clever 1, regeneration 1,
shaggy fur 1, tough skin 3
a: no special abilities


You were on level 4 of the Dungeon.
You visited 1 branch of the dungeon, and saw 5 of its levels.

You collected 38 gold pieces.

Inventory:

Hand Weapons
 a - a +0 dagger
Armour
 b - a +0 robe (worn)
 c - a +0 hat (worn)
 f - a +0 tower shield of fire resistance (worn)
Scrolls
 g - a scroll of remove curse {@r2}
 l - a scroll of blinking {@r4}
Potions
 i - a potion of mutation
 k - a potion of haste {unknown}


   Skills:
 + Level 1.5 Fighting
 - Level 1.5 Dodging
 - Level 1.0 Stealth
 + Level 1.4 Shields
 * Level 2.9 Unarmed Combat
 - Level 2.0 Spellcasting
 - Level 0.6 Conjurations
 - Level 0.6 Summonings
 - Level 0.6 Translocations


You had 6 spell levels left.
You knew the following spells:

 Your Spells              Type           Power        Failure   Level
a - Magic Dart            Conj           16%          98%         1

Your spell library contained the following spells:

 Spells                   Type           Power        Failure   Level
 Blink                    Tloc           N/A          99%         2
 Call Imp                 Summ           4%           99%         2
 Slow                     Hex            1%           100%        2
 Conjure Flame            Conj/Fire      3%           100%        3
 Mephitic Cloud           Conj/Pois/Air  2%           100%        3


Dungeon Overview and Level Annotations

Branches:
Dungeon (5/15)
 Temple: D:4-7

Altars:

Shops:
D:4 :


Innate Abilities, Weirdness & Mutations

You are too large for most types of armour.
You have claws for hands.
Your natural rate of healing is unusually fast.
You are covered in fur. (AC +1)
You have extremely tough skin. (AC +3)
Scrolls take you a little longer to read.
Your mind is acute. (Int +2)


Message History

* * * LOW HITPOINT WARNING * * *
You barely miss the worker ant. You block the worker ant's attack.
The worker ant bites you.
* * * LOW HITPOINT WARNING * * *
You are poisoned.
The worker ant poisons you!
You closely miss the worker ant.
You feel sick. You block the worker ant's attack.
The worker ant bites you but does no damage.
You scratch the worker ant. You block the worker ant's attack.
A worm comes into view.
You scratch the worker ant but do no damage.
You feel sick.
The worker ant bites you but does no damage.
The worker ant bites you!
* * * LOW HITPOINT WARNING * * *
You are lethally poisoned!
The worker ant poisons you!
You scratch the worker ant.
You die...

### # #.# ######.#
.......# ###.##.#
###'##.###########
.................#
......##########@#
......# #B#
......# #.#
........ #.#
.##...... ..#
.##.##..## #w# .+
.. .># ... .## ##
#.. ...


You could see a worm and a worker ant.

Vanquished Creatures
  An iguana (D:4)
  An orc wizard (D:4)
  A gnoll (D:4)
  2 adders (D:4)
  A worm (D:4)
  2 leopard geckos (D:4)
  6 orcs (D:4)
  A giant cockroach (D:5)
  2 goblins
  A hobgoblin (D:1)
  A quokka (D:4)
  A bat (D:2)
  A leopard gecko skeleton (D:4)
  A rat (D:2)
22 creatures vanquished.

Notes
Turn   | Place    | Note
-------+----------+-------------------------------------------
     0 | D:1      | iamserjio the Troll Hedge Wizard began the quest for the
                  | Orb.
     0 | D:1      | Reached XP level 1. HP: 16/16 MP: 2/2
   201 | D:3      | Noticed a scorpion
   215 | D:4      | Noticed an orc wizard
   220 | D:4      | Reached skill level 1 in Unarmed Combat
   237 | D:4      | Killed an orc wizard
   238 | D:4      | Reached XP level 2. HP: 25/26 MP: 4/4
   238 | D:4      | Reached XP level 3. HP: 30/32 MP: 5/5
   240 | D:4      | Reached skill level 1 in Fighting
   262 | D:4      | Reached skill level 1 in Shields
   262 | D:4      | Found Egiule's Book Shoppe.
   392 | D:4      | Reached XP level 4. HP: 5/41 MP: 6/6
   424 | D:5      | Entered Level 5 of the Dungeon
   533 | D:4      | Gained mutation: Scrolls take you a little longer to read.
                  | [potion of mutation]
   533 | D:4      | Gained mutation: Your mind is acute. (Int +2) [potion of
                  | mutation]
   575 | D:4      | HP: 2/41 [worker ant (7)]
   576 | D:4      | Succumbed to a worker ant's poison

Illustrated notes

Levels and vault maps discovered:
D:1:      sevenhm_arrival_forest_fort_large_4, layout_basic
D:2:      layout_basic, old_standard_altar, nicolae_overflow_hidden_temple,
          uniq_jessica
D:3:      layout_rooms, gammafunk_ghost_split, minivault_24
D:4:      layout_basic, serial_shops, shop
D:5:      layout_loops_ring

Skill      XL: |  1  2  3 |
---------------+----------+-----
Unarmed Combat | 1 2 |  2.9
Fighting       | 1 |  1.5
Shields        | 1 |  1.4
Dodging        | |  1.5
Stealth        | |  1.0
Spellcasting   | |  2.0
Conjurations   | |  0.6
Summonings     | |  0.6
Translocations | |  0.6

Action                   |  1- 3 |  4- 6 || total
-------------------------+-------+-------++-------
Melee: Unarmed           |    84 |    50 ||   134
  Use: Scroll            |       |     3 ||     3
       Potion            |       |     3 ||     3
Armor: Robe              |    25 |    23 ||    48
Dodge: Dodged            |    13 |    11 ||    24
Block: Tower shield      |    39 |    37 ||    76

Table legend: (Time is in decaauts)
 A = Elapsed time spent in this place.
 B = Non-inter-level travel time spent in this place.
 C = Inter-level travel time spent in this place.
 D = Time resting spent in this place.
 E = Time spent auto-exploring this place.
 F = Levels seen in this place.
 G = Mean time per level.
                   A        B        C        D        E       F      G
               +--------+--------+--------+--------+--------+-----+--------+
         Total |    640 |    631 |      9 |      0 |      0 |   5 |  128.0 |
       Dungeon |    640 |    631 |      9 |      0 |      0 |   5 |  128.0 |
               +--------+--------+--------+--------+--------+-----+--------+

Top non-repeatable levels by time:
     D:4: 406 daAuts
     D:1: 108 daAuts
     D:2: 78 daAuts
     D:5: 28 daAuts
     D:3: 18 daAuts
